 Dungeon Crawl Stone Soup version 0.23.2 (webtiles) character file.

Game seed: 11589115168909824521

112 Fang the Skirmisher (level 4, 0/43 HPs)
             Began as a Gargoyle Berserker on Apr 1, 2019.
             Was a Believer of Trog.
             Killed by nerve-wracking pain
             ... invoked by Grinder
              (7 damage)
             ... on level 3 of the Dungeon.
             The game lasted 00:01:49 (2374 turns).

Fang the Skirmisher (Gargoyle Berserker)            Turns: 2374, Time: 00:01:50

Health: 0/43       AC: 12    Str: 27    XL:     4   Next: 95%
Magic:  4/4        EV:  9    Int:  7    God:    Trog [**....]
Gold:   32         SH:  0    Dex:  9    Spells: 3/3 levels left

rFire    . . .     SeeInvis .   a - +0 hand axe
rCold    . . .     Gourm    .   (no shield)
rNeg     + . .     Faith    .   f - +0 chain mail
rPois    ∞         Spirit   .   (no helmet)
rElec    +         Reflect  .   (no cloak)
rCorr    .         Harm     .   (no gloves)
MR       .....                  (no boots)
Stlth    ..........             (no amulet)
HPRegen  0.14/turn              (no ring)
MPRegen  0.09/turn              (no ring)

@: berserking, very quick
A: negative energy resistance 1, electricity resistance, unbreathing,
petrification resistance, rot immunity, AC +3
a: Berserk, Trog's Hand, Renounce Religion


You were on level 3 of the Dungeon.
You worshipped Trog.
Trog was pleased with you.
You were very hungry.

You visited 1 branch of the dungeon, and saw 3 of its levels.

You collected 32 gold pieces.

Inventory:

Hand Weapons
 a - a +0 hand axe (weapon)
Armour
 f - a +0 chain mail (worn)
Jewellery
 b - a cursed ring of positive energy {unknown}
Scrolls
 d - 3 scrolls of identify {unknown}
 e - a scroll of remove curse {unknown}
 g - a scroll of noise {unknown}
 h - 2 scrolls of enchant weapon {unknown}
 i - a scroll of enchant armour {unknown}
 l - a scroll of fear {unknown}
 m - 3 scrolls of magic mapping {unknown}
Potions
 j - 2 potions of might {unknown}
 k - 2 potions of magic {unknown}
 n - a potion of degeneration {unknown}
 o - a potion of invisibility {unknown}
Comestibles
 c - 2 rations


   Skills:
 + Level 4.1 Fighting
 + Level 3.4 Axes
 + Level 3.2 Armour
 + Level 2.4 Dodging


You had 3 spell levels left.
You didn't know any spells.
Your spell library was empty.

Dungeon Overview and Level Annotations

Branches:
Dungeon (3/15)

Altars:
Fedhas
Kikubaaqudgha

Annotations:
D:3 Grinder


Innate Abilities, Weirdness & Mutations

You are resistant to torment.
Your stone body is resilient. (AC +3)
You are immune to poison.
You resist negative energy. (rN+)
You are resistant to electric shocks. (rElec)
You can survive without breathing.
You are immune to petrification.
You are immune to rotting.


Message History

Grinder barely misses you.
You hit Grinder but do no damage.
Grinder is moderately wounded.
Grinder hits you.
* * * LOW HITPOINT WARNING * * *
A red film seems to cover your vision as you go berserk!
You feel yourself moving faster!
You feel mighty!
You are feeling very hungry.
Grinder hits you but does no damage.
You hit Grinder.
Grinder is moderately wounded.
Grinder hits you.
* * * LOW HITPOINT WARNING * * *
Your chain mail prevents you from hitting Grinder.
Grinder is moderately wounded.
You closely miss Grinder.
Grinder is moderately wounded.
Grinder gestures at you. Pain shoots through your body!
You die...

# #### ## # ####### #.. ?#
# ......# #.# .# # ......#
####.#######.# #
####..###..........#.######
#
##........##.#..@5.#.......
#
##.#..######.............#
# ##)#..# #.......#.###.# #
......# ##......#.# #
##(#### ##.#####.# # #.#.##
#.# .# #.# .###.# #.# .#
#.# #.#.## ##+# .. ...
#..## ##...## ## #.#


You could see Grinder.

Vanquished Creatures
  Jessica (D:3)
  An adder (D:2)
  An ooze (D:2)
  A worm (D:2)
  2 dart slugs
  2 leopard geckos (D:1)
  A ball python (D:2)
  8 bats
  A giant cockroach (D:3)
  10 goblins
  8 hobgoblins
  2 jackals (D:2)
  3 frilled lizards
  10 kobolds
  10 rats
61 creatures vanquished.

Notes
Turn   | Place    | Note
-------+----------+-------------------------------------------
     0 | D:1      | Fang the Gargoyle Berserker began the quest for the Orb.
     0 | D:1      | Reached XP level 1. HP: 14/14 MP: 1/1
   355 | D:1      | Reached XP level 2. HP: 16/19 MP: 2/2
   806 | D:1      | Reached XP level 3. HP: 23/23 MP: 3/3
   968 | D:2      | Reached ** piety under Trog
  1357 | D:2      | Found an ancient bone altar of Kikubaaqudgha.
  1357 | D:2      | Found a blossoming altar of Fedhas.
  1626 | D:2      | Reached XP level 4. HP: 28/29 MP: 4/4
  1751 | D:3      | Noticed Jessica
  1759 | D:3      | Killed Jessica
  1759 | D:3      | Reached skill level 4 in Fighting
  2346 | D:3      | Noticed Grinder
  2374 | D:3      | Killed from afar by Grinder

Skill      XL: |  1  2  3  4 |
---------------+-------------+-----
Dodging        | 2 |  2.4
Axes           | 3 |  3.4
Fighting       | 4 |  4.1
Armour         | 3 |  3.2

Action                   |  1- 3 |  4- 6 || total
-------------------------+-------+-------++-------
Melee: Hand axe          |   123 |    79 ||   202
Invok: Berserk           |       |     1 ||     1
  Eat: Chunk             |     2 |     3 ||     5
Armor: Animal skin       |     6 |       ||     6
       Chain mail        |    58 |    39 ||    97
Dodge: Dodged            |    70 |    34 ||   104
